 Dungeon Crawl Stone Soup version 0.23.2 (webtiles) character file.

Game seed: 7950420572093635062

47241 Fang the Fighter (level 14, -7/141 HPs)
             Began as a Gargoyle Berserker on Apr 10, 2019.
             Was a High Priest of Trog.
             Mangled by a manticore (11 damage)
             ... summoned by Kirke
             ... on level 5 of the Lair of Beasts.
             The game lasted 00:22:13 (21365 turns).

Fang the Fighter (Gargoyle Berserker)              Turns: 21365, Time: 00:22:13

Health: -7/141     AC:  0    Str: 30    XL:     14   Next: 41%
Magic:  14/14      EV: 19    Int:  9    God:    Trog [*****.]
Gold:   946        SH:  0    Dex:  9    Spells: 13/13 levels left

rFire    . . .     SeeInvis .   (weapon currently unavailable)
rCold    . . .     Gourm    +   (shield currently unavailable)
rNeg     + . .     Faith    .   (armour currently unavailable)
rPois    ∞         Spirit   .   (helmet currently unavailable)
rElec    .         Reflect  .   (cloak currently unavailable)
rCorr    .         Harm     .   (gloves currently unavailable)
MR       +....                  (boots currently unavailable)
Stlth    ..........             l - amulet of the gourmand
HPRegen  0.33/turn              (ring currently unavailable)
MPRegen  0.14/turn              (ring currently unavailable)

@: berserking, pig-form, flying, very quick
A: small, negative energy resistance 1, petrification resistance, rot immunity,
AC +10
a: Berserk, Trog's Hand, Brothers in Arms, Renounce Religion


You were on level 5 of the Lair of Beasts.
You worshipped Trog.
Trog was extremely pleased with you.
You were very full.
You were a filthy swine.
You visited 3 branches of the dungeon, and saw 17 of its levels.
You also visited: Sewer and Gauntlet.

You collected 946 gold pieces.

Inventory:

Hand Weapons
 a - a +1 war axe of venom (melded)
 E - a +3 war axe
 G - a +4 executioner's axe of distortion
Armour
 b - a +1 plate armour (melded)
 t - the +1 leather armour of Jeshrai {Int+4}
   (You found it on level 4 of the Dungeon)

   It affects your intelligence (+4).
 y - a scarf of repulsion (melded)
 I - the +0 hat of Abstinence {-Cast rElec rPois Int+3}
   (You found it in a Gauntlet)

   It affects your intelligence (+3).
   It insulates you from electricity.
   It protects you from poison.
   It prevents spellcasting.
Jewellery
 f - a +2 ring of dexterity (melded)
 l - an amulet of the gourmand (around neck)
 n - a +3 ring of intelligence
 v - an uncursed ring of fire
 F - an uncursed ring of positive energy
 H - a ring of see invisible (melded)
 J - the amulet "Cishompo" {Inacc rC+++ MR+++ Int-5 Stlth-}
   (You found it in a Gauntlet)

   [amulet of inaccuracy]

   It reduces the accuracy of all your attacks.
   It affects your intelligence (-5).
   It renders you almost immune to cold.
   It affects your resistance to hostile enchantments.
   It makes you less stealthy.
Wands
 g - a wand of enslavement (17)
 q - a wand of iceblast (36)
 w - a wand of acid (25)
 x - a wand of flame (44)
 D - a wand of clouds (5)
Scrolls
 e - 7 scrolls of teleportation
 h - 2 scrolls of fear
 j - 10 scrolls of remove curse
 k - 10 scrolls of identify
 m - 6 scrolls of magic mapping
 p - 4 scrolls of fog
Potions
 d - 2 potions of brilliance
 i - 3 potions of heal wounds
 o - 6 potions of cancellation
 r - 6 potions of haste
 u - a potion of agility
 z - a potion of might
 A - 2 potions of ambrosia
 C - 2 potions of curing
Comestibles
 c - 24 rations
 s - a chunk of flesh


   Skills:
 + Level 13.6 Fighting
 + Level 11.7 Axes
 + Level 13.4 Armour
 + Level 10.6 Dodging


You had 13 spell levels left.
You didn't know any spells.
Your spell library was empty.

Dungeon Overview and Level Annotations

Branches:
Dungeon (11/15)            Temple (1/1) D:7            Lair (5/6) D:11
 Shoals (0/4) Lair:4        Snake (0/4) Lair:2        Slime (0/5) Lair:5
    Orc: D:9-12

Altars:
Elyvilon
Fedhas
Gozag
Hepliaklqana
Makhleb
Nemelex Xobeh
Okawaru
Qazlal
Ru
Sif Muna
Trog
Uskayaw
Wu Jian
Xom
The Shining One

Annotations:
D:7 2 transporters, 1 runed translucent door, Morgon's ghost, novice DrCj
D:10 3 runed translucent doors, caranvelle's ghost, novice SpEn
Lair:5 Kirke


Innate Abilities, Weirdness & Mutations

You are resistant to torment.
((Your stone body is resilient. (AC +10)))
You are immune to poison.
((Your large and strong wings let you fly indefinitely.))
You resist negative energy. (rN+)
((You are resistant to electric shocks. (rElec)))
((You can survive without breathing.))
You are immune to petrification.
You are immune to rotting.


Message History

The manticore barely misses you.
You bite Kirke!
Kirke is lightly wounded.
Kirke barely misses you.
You maul Kirke!!
Kirke is moderately wounded.
The hog bites you!
* * * LOW HITPOINT WARNING * * *
The manticore bites you!
* * * LOW HITPOINT WARNING * * *
The manticore misses you. The manticore closely misses you.
You bite Kirke!
Kirke is heavily wounded.
Kirke misses you. The hog barely misses you.
You bite Kirke!
Kirke is heavily wounded.
You kill the hog!
Trog accepts your kill. The manticore bites you!
You die...

.#
#...........#.#
.#
##...........##
...
#........###
.... #........#
.... #.#.....##
. .....P.#.####
............#
......!.....#
......P.Hh..#
..P.....@†..#
.#............#
............##
.........>..#
............
.P..........#
PPP.........#


You could see Kirke and a manticore.

Vanquished Creatures
  A minotaur (Gauntlet)
  A ghost crab (Gauntlet)
  A centaur warrior (D:10)
  4 hydras
  7 death yaks (Lair:2)
  5 two-headed ogres
  Urug (D:11)
  Sonja (D:10)
  An unseen horror (D:11)
  3 oklob plants (Lair:5)
  A manticore (D:9)
  2 centaur zombies (D:11)
  Maurice (D:11)
  3 black mambas
  4 spiny frogs
  2 rime drakes
  6 komodo dragons
  13 blink frogs
  Grinder (D:5)
  3 hornets
  A raiju (Gauntlet)
  7 hippogriffs
  A shadow (D:9)
  Sigmund (D:4)
  A wraith (D:10)
  3 wyverns
  30 yaks
  5 basilisks
  5 hogs (Lair:5)
  2 steam dragons (Gauntlet)
  2 hungry ghosts
  A soldier ant (D:9)
  The ghost of Tsarbomb the Cudgeler, an amateur GrMo (D:5)
  2 wargs (D:11)
  4 nagas (Lair:2)
  9 water moccasins
  6 porcupines
  The ghost of Gadfly the Cudgeler, an amateur OgGl (D:3)
  2 ice beasts
  2 sky beasts (D:8)
  4 orc warriors
  A black bear (D:11)
  4 phantoms
  8 ogres
  3 centaurs
  A necrophage (D:10)
  26 wolves
  16 crocodiles
  A gnoll sergeant (D:8)
  A big kobold (Sewer)
  4 small abominations (Gauntlet)
  17 bullfrogs
  A wyvern zombie (D:7)
  A water moccasin skeleton (D:11)
  3 scorpions (D:4)
  17 killer bees
  11 wights
  An electric eel (Lair:3)
  A howler monkey (D:9)
  5 crimson imps
  4 hounds
  5 jellies
  2 gnoll shamans
  8 orc priests
  A bullfrog skeleton (D:9)
  2 centaur skeletons
  5 orc wizards
  An iguana (D:7)
  10 worker ants
  Ijyb (D:3)
  A killer bee zombie (D:7)
  A hound zombie (D:7)
  A hound skeleton (D:4)
  A mummy (D:7)
  25 gnolls
  14 adders
  A river rat (Sewer)
  4 shadow imps
  6 adder skeletons
  5 worms
  3 dart slugs
  4 leopard geckos
  34 orcs
  7 bats
  11 giant cockroaches
  15 goblins
  4 hobgoblins
  14 jackals
  9 kobolds
  4 quokkas
  3 ball pythons
  4 frilled lizards
  3 hobgoblin zombies (D:7)
  A jackal skeleton (D:5)
  A jackal zombie (D:5)
  A kobold zombie (D:7)
  A quokka skeleton (D:6)
  12 rats
  A fungus (Lair:5)
  2 plants
505 creatures vanquished.

Vanquished Creatures (collateral kills)
  2 hydras (Lair:3)
  2 thrashing horrors (Gauntlet)
  A crocodile (Lair:3)
  A bullfrog (Lair:3)
6 creatures vanquished.

Vanquished Creatures (others)
  A komodo dragon (Lair:5)
  2 fungi
  14 plants
17 creatures vanquished.

Grand Total: 528 creatures vanquished

Notes
Turn   | Place    | Note
-------+----------+-------------------------------------------
     0 | D:1      | Fang the Gargoyle Berserker began the quest for the Orb.
     0 | D:1      | Reached XP level 1. HP: 14/14 MP: 1/1
   210 | D:1      | Reached XP level 2. HP: 10/19 MP: 2/2
   648 | D:1      | Reached XP level 3. HP: 22/23 MP: 3/3
  1315 | D:2      | Found a sacrificial altar of Ru.
  1326 | D:2      | Reached ** piety under Trog
  1326 | D:2      | Reached XP level 4. HP: 24/29 MP: 4/4
  1395 | D:2      | Noticed a +0 hand axe
  1395 | D:2      | Noticed a +0 dagger
  1412 | D:2      | Found a hide-covered altar of Uskayaw.
  1495 | D:2      | Found an iron altar of Okawaru.
  1683 | D:3      | Noticed a phantom
  1705 | D:3      | Noticed an ogre
  1710 | D:3      | Reached XP level 5. HP: 23/33 MP: 5/5
  1710 | D:3      | Killed a phantom
  1712 | D:3      | Reached XP level 6. HP: 28/39 MP: 6/6
  2122 | D:3      | Found a transporter.
  2128 | D:3      | Found a transporter.
  2196 | D:3      | Noticed Gadfly's ghost (amateur OgGl)
  2248 | D:3      | Found an ornate altar of the Wu Jian Council.
  2292 | D:3      | Found a hazy altar of Hepliaklqana.
  2314 | D:3      | Noticed Ijyb
  2334 | D:3      | Killed Ijyb
  2394 | D:3      | Reached skill level 5 in Fighting
  2463 | D:3      | Reached *** piety under Trog
  2689 | D:3      | Received a gift from Trog
  2689 | D:3      | Reached XP level 7. HP: 44/44 MP: 7/7
  2920 | D:4      | Noticed Sigmund
  2936 | D:4      | Killed Sigmund
  3140 | D:4      | Got an ichor-stained leather armour
  3151 | D:4      | Identified the +1 leather armour of Jeshrai {Int+4} (You
                  | found it on level 4 of the Dungeon)
  3214 | D:4      | Reached skill level 5 in Armour
  3229 | D:4      | Found a sparkling altar of Nemelex Xobeh.
  3347 | D:4      | Found a burning altar of Makhleb.
  3364 | D:4      | Reached XP level 8. HP: 45/51 MP: 8/8
  3418 | D:4      | Found an opulent altar of Gozag.
  3861 | D:5      | Entered Level 5 of the Dungeon
  3933 | D:5      | Reached skill level 5 in Axes
  4060 | D:5      | Noticed Grinder
  4083 | D:5      | Paralysed by Grinder for 4 turns
  4087 | D:5      | Killed Grinder
  4189 | D:5      | Found a runed translucent gate.
  4189 | D:5      | Found a runed translucent gate.
  4189 | D:5      | Found a runed translucent gate.
  4229 | D:5      | Noticed a hippogriff
  4240 | D:5      | Killed a hippogriff
  4642 | D:5      | Noticed Tsarbomb's ghost (amateur GrMo)
  4651 | D:5      | Killed Tsarbomb's ghost
  4827 | D:6      | Reached XP level 9. HP: 56/56 MP: 9/9
  4918 | D:6      | You fall through a shaft!
  4945 | D:7      | Reached skill level 5 in Dodging
  5020 | D:6      | Found a glowing drain.
  5053 | Sewer    | Entered a sewer
  5056 | Sewer    | Reached **** piety under Trog
  5166 | Sewer    | Found a glowing silver altar of Zin.
  5261 | D:6      | Found a glowing golden altar of the Shining One.
  5465 | D:6      | Found a deep blue altar of Sif Muna.
  5472 | D:6      | Found a shimmering altar of Xom.
  5478 | D:6      | Found a bloodstained altar of Trog.
  5883 | D:3      | Killed Gadfly's ghost
  6253 | D:7      | Found a staircase to the Ecumenical Temple.
  6284 | Temple   | Entered the Ecumenical Temple
  6498 | D:7      | Found a transporter.
  7152 | D:7      | Found a runed translucent door.
  7152 | D:7      | Found a shimmering altar of Xom.
  7152 | D:7      | Noticed Morgon's ghost (novice DrCj)
  7153 | D:7      | Noticed a +3 rapier of chaos
  7282 | D:7      | Found a transporter.
  7397 | D:7      | Reached XP level 10. HP: 64/64 MP: 10/10
  7639 | D:8      | Reached ***** piety under Trog
  8254 | D:8      | Found a white marble altar of Elyvilon.
  8287 | D:8      | Noticed a two-headed ogre
  8299 | D:8      | Killed a two-headed ogre
  8801 | D:9      | Found a blossoming altar of Fedhas.
  8802 | D:9      | Found a stormy altar of Qazlal.
  8955 | D:9      | Identified a scroll of acquirement
  9219 | D:9      | Reached XP level 11. HP: 70/71 MP: 11/11
  9312 | D:9      | Noticed a manticore
  9327 | D:9      | Killed a manticore
  9639 | D:10     | Entered Level 10 of the Dungeon
  9706 | D:10     | Reached skill level 10 in Fighting
 10137 | D:10     | Found a runed translucent gate.
 10138 | D:10     | Found a runed translucent gate.
 10138 | D:10     | Found a runed translucent gate.
 10143 | D:10     | Noticed caranvelle's ghost (novice SpEn)
 10180 | D:10     | Noticed a centaur warrior
 10191 | D:10     | Killed a centaur warrior
 10191 | D:10     | Reached skill level 10 in Armour
 10198 | D:10     | Noticed Sonja
 10215 | D:10     | Killed Sonja
 11179 | D:11     | Noticed a two-headed ogre
 11194 | D:11     | Killed a two-headed ogre
 11198 | D:11     | Noticed a two-headed ogre
 11444 | D:11     | Noticed Urug
 11446 | D:11     | Killed a two-headed ogre
 11471 | D:11     | Killed Urug
 11471 | D:11     | Reached XP level 12. HP: 45/79 MP: 12/12
 11532 | D:11     | Found a staircase to the Lair.
 11534 | D:11     | Noticed a two-headed ogre
 11544 | D:11     | Killed a two-headed ogre
 11943 | D:11     | Reached ****** piety under Trog
 11952 | D:11     | Noticed a two-headed ogre
 11958 | D:11     | Killed a two-headed ogre
 12953 | D:11     | Noticed Maurice
 12965 | D:11     | Killed Maurice
 13052 | Lair:1   | Entered Level 1 of the Lair of Beasts
 13459 | Lair:1   | Noticed a five-headed hydra
 13475 | Lair:1   | Reached skill level 10 in Axes
 13479 | Lair:1   | Killed a 15-headed hydra
 14155 | Lair:2   | Noticed a death yak
 14163 | Lair:2   | Noticed a death yak
 14166 | Lair:2   | Noticed a death yak
 14514 | Lair:2   | Killed a death yak
 14514 | Lair:2   | Reached XP level 13. HP: 83/86 MP: 13/13
 14737 | Lair:2   | Found a staircase to the Snake Pit.
 14743 | Lair:2   | Received a gift from Trog
 16086 | Lair:3   | Found a gate leading to a gauntlet.
 16108 | Gauntlet | Entered a Gauntlet
 16108 | Gauntlet | Found a transporter.
 16108 | Gauntlet | Found a transporter.
 16108 | Gauntlet | Found a transporter.
 16108 | Gauntlet | Found a transporter.
 16112 | Gauntlet | Found a transporter.
 16198 | Gauntlet | Got an ancient hat
 16204 | Gauntlet | Identified the cursed +0 hat of Abstinence {-Cast rElec
                  | rPois Int+3} (You found it in a Gauntlet)
 16221 | Gauntlet | Found a transporter.
 16221 | Gauntlet | Found a transporter.
 16240 | Gauntlet | Got a pitted graven amulet
 16442 | Gauntlet | Identified the amulet "Cishompo" {Inacc rC+++ MR+++ Int-5
                  | Stlth-} (You found it in a Gauntlet)
 16447 | Gauntlet | Found a transporter.
 16806 | Gauntlet | Found a transporter.
 16834 | Gauntlet | Identified the +8 chain mail of Ethrasi {MR+}
 16834 | Gauntlet | Noticed a minotaur
 16850 | Gauntlet | Killed a minotaur
 16850 | Gauntlet | Reached skill level 10 in Dodging
 18769 | Lair:4   | Gained mutation: Your large and strong wings let you fly
                  | indefinitely. [Gargoyle growth]
 18769 | Lair:4   | Reached XP level 14. HP: 57/94 MP: 14/14
 19089 | Lair:4   | Found a staircase to the Shoals.
 20603 | Lair:5   | Found a staircase to the Slime Pits.
 21347 | Lair:5   | Noticed Kirke
 21363 | Lair:5   | HP: 4/141 [manticore[Kirke] (15)]
 21365 | Lair:5   | Mangled by a manticore

Skill      XL: |  1  2  3  4  5  6  7  8  9 10 11 12 13 14 |
---------------+-------------------------------------------+-----
Axes           | 3 4 5 6 8 9 10 11 | 11.7
Dodging        | 2 3 4 5 7 8 9 10 | 10.6
Armour         | 3 4 5 6 7 9 10 11 12 13 | 13.4
Fighting       | 4 5 6 8 9 10 12 13 | 13.6

Action                   |  1- 3 |  4- 6 |  7- 9 | 10-12 | 13-15 || total
-------------------------+-------+-------+-------+-------+-------++-------
Melee: Hand axe          |   114 |    37 |       |       |       ||   151
       War axe           |       |   100 |   498 |   663 |   479 ||  1740
       Executioner's axe |       |       |       |       |     1 ||     1
       Unarmed           |       |       |       |       |     8 ||     8
Invok: Berserk           |       |     1 |     6 |     9 |     9 ||    25
       Trog's Hand       |       |       |     4 |     1 |     2 ||     7
       Brothers in Arms  |       |       |       |     1 |     4 ||     5
 Abil: Fly               |       |       |       |       |     1 ||     1
  Use: Scroll            |       |       |    17 |     8 |     7 ||    32
       Potion            |       |       |       |     1 |     2 ||     3
 Stab: Paralysed         |       |     2 |       |       |       ||     2
       Sleeping          |       |     1 |       |       |       ||     1
  Eat: Chunk             |     1 |     6 |    22 |    46 |    37 ||   112
       Ration            |       |       |       |     4 |       ||     4
Armor: Animal skin       |    35 |    16 |       |       |       ||    51
       Chain mail        |       |    59 |    22 |       |       ||    81
       Leather armour    |       |       |    32 |       |       ||    32
       Plate armour      |       |       |   328 |   715 |   498 ||  1541
Dodge: Dodged            |    71 |   101 |   341 |   482 |   449 ||  1444
       Deflected         |       |       |       |     9 |     3 ||    12
